 Dungeon Crawl Stone Soup version 0.30-a0-154-gb106f4c828 (webtiles) character file.

Game seed: 11541769969544569077

2523 Kinoniko the Basher (level 9, -1/60 HPs)
             Began as a Gargoyle Berserker on Sept 27, 2022.
             Was a Priest of Trog.
             Slain by a boulder beetle (11 damage)
             ... on level 6 of the Dungeon.
             The game lasted 00:06:22 (6369 turns).

Kinoniko the Basher (Gargoyle Berserker)            Turns: 6369, Time: 00:06:23

Health: -1/60      AC: 26    Str: 25    XL:     9   Next: 54%
Magic:  9/9        EV:  7    Int:  8    God:    Trog [***...]
Gold:   305        SH:  0    Dex:  9    Spells: 8/8 levels left

rFire   . . .      SeeInvis .    g - +1 morningstar
rCold   + . .      Faith    .    (no shield)
rNeg    + . .      Spirit   .    h - +4 plate armour
rPois   ∞          Reflect  .    i - +0 helmet
rElec   +          Harm     .    (no cloak)
rCorr   .          Rampage  .    (no gloves)
Will    ++...                    (no boots)
Stlth   ..........               (no amulet)
HPRegen 1.20/turn                d - ring of protection from cold
MPRegen 0.11/turn                r - +4 ring of protection

@: mighty, strong-willed, on berserk cooldown, regenerating, invisible
A: sickness immunity, AC +6, negative energy resistance 1, electricity
resistance, torment resistance 1, petrification resistance
a: Renounce Religion, Berserk, Trog's Hand


You were on level 6 of the Dungeon.
You worshipped Trog.
Trog was most pleased with you.
You visited 1 branch of the dungeon, and saw 6 of its levels.

You collected 305 gold pieces.

Inventory:

Hand Weapons
 a - a +0 mace
 g - a +1 morningstar (weapon)
Armour
 h - a +4 plate armour (worn)
 i - a +0 helmet (worn)
 k - a scarf of shadows
Jewellery
 d - a ring of protection from cold (left hand)
 n - an amulet of magic regeneration
 r - a +4 ring of protection (right hand)
Wands
 c - a wand of mindburst (20)
 l - a wand of polymorph (5)
 m - a wand of roots (10)
 t - a wand of digging (7)
Scrolls
 b - 4 scrolls of poison
 e - a scroll of fog
 f - a scroll of fear
 s - a scroll of torment {unknown}
 u - 2 scrolls of vulnerability
 y - a scroll of identify
Potions
 j - a potion of degeneration {unknown}
 o - a potion of cancellation {unknown}
 q - a potion of brilliance {unknown}
 v - a potion of resistance {unknown}
 w - 3 potions of invisibility
 x - a potion of berserk rage {unknown}


   Skills:
 + Level 8.6 Fighting
 * Level 10.7 Maces & Flails
 - Level 2.4 Armour
 - Level 1.8 Dodging


You had 8 spell levels left.
You didn't know any spells.
Your spell library was empty.

Dungeon Overview and Level Annotations

Branches:
Dungeon (6/15)
 Temple: D:4-7

Altars:
Dithmenos
Elyvilon
Hepliaklqana
Ru
Sif Muna
Trog
Vehumet
Yredelemnul
Zin
The Shining One


Innate Abilities, Weirdness & Mutations

You are immune to sickness and miasma.
Your stone body is resilient. (AC +6)
You are immune to poison.
You resist negative energy. (rN+)
You are resistant to electric shocks. (rElec)
You are resistant to unholy torment.
You are immune to petrification.


Message History

You puncture the boulder beetle!
The boulder beetle is moderately wounded.
The boulder beetle bites you but does no damage.
The ice beast closely misses you.
You puncture the boulder beetle!
The boulder beetle is heavily wounded.
The boulder beetle bites you!
You hit the boulder beetle.
The boulder beetle is heavily wounded.
The boulder beetle barely misses you. The ice beast hits you.
The ice beast freezes you. You resist.
You impale the boulder beetle!!
The boulder beetle is almost dead.
The boulder beetle bites you!
* * * LOW HITPOINT WARNING * * *
Unknown command.
You hit the boulder beetle but do no damage.
The boulder beetle is almost dead.
Unknown command.
Unknown command.
You feel better. The boulder beetle bites you!
* * * LOW HITPOINT WARNING * * *
Unknown command.
You feel better.
The boulder beetle bites you but does no damage.
Unknown command.
You hit the boulder beetle but do no damage.
The boulder beetle is almost dead.
The boulder beetle bites you.
* * * LOW HITPOINT WARNING * * *
The ice beast barely misses you.
Unknown command.
You hit the boulder beetle but do no damage.
The boulder beetle is almost dead.
The boulder beetle closely misses you.
Unknown command.
You barely miss the boulder beetle.
The boulder beetle is almost dead.
The boulder beetle bites you!
You die...

#.# #.# #.# #.# #.#
###.#################
......#.......#.?...
###.#.#)#.#.#.#.#.#.#.#.
#.#.....)..)..@BY.....
###.##############'#####
....# .. ##### ##


You could see a boulder beetle (unable to see you) and an ice beast (unable to
see you).

Vanquished Creatures
  A two-headed ogre (D:6)
  Prince Ribbit (D:5)
  Grinder (D:3)
  Sigmund (D:3)
  An ice beast (D:5)
  A sky beast (D:6)
  An ogre (D:5)
  2 phantoms
  A kobold brigand (D:6)
  Blork the orc (D:4)
  A bullfrog (D:6)
  2 scorpions (D:6)
  4 hounds
  Crazy Yiuf (D:5)
  2 jellies (D:5)
  Ijyb (D:3)
  3 iguanas
  Natasha (thrice) (D:3)
  2 orc wizards
  Robin (D:3)
  9 adders
  2 white imps
  2 ufetubi (D:6)
  A worm (D:4)
  4 dart slugs
  14 orcs
  8 endoplasms
  2 giant cockroaches
  11 goblins
  8 hobgoblins
  8 jackals
  3 quokkas
  7 ball pythons
  5 bats
  3 frilled lizards
  8 kobolds
  5 rats
131 creatures vanquished.

Vanquished Creatures (others)
  5 toadstools (D:1)
5 creatures vanquished.

Grand Total: 136 creatures vanquished

Notes
Turn   | Place    | Note
-------+----------+-------------------------------------------
     0 | D:1      | Kinoniko the Gargoyle Berserker began the quest for the
                  | Orb.
     0 | D:1      | Reached XP level 1. HP: 14/14 MP: 1/1
    27 | D:1      | Reached XP level 2. HP: 8/19 MP: 2/2
   707 | D:1      | Found a faded altar of an unknown god.
   708 | D:1      | Noticed a floating eye
   711 | D:1      | Noticed a golden eye
   717 | D:1      | Noticed an eye of devastation
   749 | D:1      | Noticed an eye of devastation
   892 | D:1      | Reached XP level 3. HP: 24/24 MP: 3/3
  1116 | D:2      | Reached ** piety under Trog
  1332 | D:2      | Reached skill level 4 in Maces & Flails
  1332 | D:2      | Reached XP level 4. HP: 29/29 MP: 4/4
  1918 | D:3      | Noticed Robin
  1931 | D:3      | Killed Robin
  1941 | D:3      | HP: 1/29 [goblin/+0 club[Robin] (2)]
  1961 | D:3      | Noticed Grinder
  1963 | D:3      | Paralysed by Grinder for 2 turns
  2248 | D:3      | Killed Grinder
  2249 | D:3      | Reached skill level 5 in Fighting
  2249 | D:3      | Reached skill level 5 in Maces & Flails
  2249 | D:3      | Reached XP level 5. HP: 31/35 MP: 5/5
  2249 | D:3      | Reached XP level 6. HP: 35/40 MP: 6/6
  2265 | D:3      | Noticed Ijyb
  2281 | D:3      | Killed Ijyb
  2720 | D:3      | Noticed Natasha
  2722 | D:3      | Reached *** piety under Trog
  2730 | D:3      | Killed Natasha
  2731 | D:3      | Reached skill level 6 in Maces & Flails
  2770 | D:3      | Noticed Natasha
  2778 | D:3      | Killed Natasha
  2869 | D:3      | Noticed Sigmund
  2878 | D:3      | Killed Sigmund
  2879 | D:3      | Reached XP level 7. HP: 45/45 MP: 7/7
  2932 | D:3      | Noticed Natasha
  2941 | D:3      | Killed Natasha
  3141 | D:4      | Noticed Blork the orc
  3154 | D:4      | Killed Blork the orc
  3160 | D:4      | Reached skill level 7 in Maces & Flails
  3479 | D:4      | Found a hazy altar of Hepliaklqana.
  3481 | D:4      | You fall into a shaft and drop 1 floor!
  3481 | D:5      | Entered Level 5 of the Dungeon
  3484 | D:5      | Noticed Prince Ribbit
  3514 | D:5      | Killed Prince Ribbit
  3515 | D:5      | Reached XP level 8. HP: 18/52 MP: 8/8
  4053 | D:5      | Reached skill level 8 in Maces & Flails
  4356 | D:4      | Found a bloodstained altar of Trog.
  4388 | D:4      | Found a radiant altar of Vehumet.
  4624 | D:4      | Found a glowing golden altar of the Shining One.
  4624 | D:4      | Found a glowing silver altar of Zin.
  4625 | D:4      | Found a white marble altar of Elyvilon.
  4660 | D:4      | Found a shadowy altar of Dithmenos.
  4663 | D:4      | Found a basalt altar of Yredelemnul.
  4665 | D:4      | Found a shimmering blue altar of Sif Muna.
  5445 | D:5      | Found a runed translucent door.
  5446 | D:5      | Noticed Crazy Yiuf
  5807 | D:5      | Killed Crazy Yiuf
  5965 | D:6      | Reached skill level 9 in Maces & Flails
  6033 | D:6      | Found a sacrificial altar of Ru.
  6261 | D:6      | Reached XP level 9. HP: 58/58 MP: 9/9
  6311 | D:6      | Noticed a two-headed ogre
  6320 | D:6      | Killed a two-headed ogre
  6321 | D:6      | Reached skill level 10 in Maces & Flails
  6337 | D:6      | Noticed a boulder beetle
  6365 | D:6      | HP: 3/60 [boulder beetle (12)]
  6369 | D:6      | Slain by a boulder beetle

Illustrated notes

Levels and vault maps discovered:
D:1:      ldierk_walled_garden, layout_loops_cross,
          hellmonk_ecumenical_altar_watching_god
D:2:      layout_loops_ring
D:3:      layout_rooms, uniq_sigmund, uniq_ijyb, uniq_grinder, uniq_natasha,
          uniq_robin
D:4:      layout_cave_pools, good_gods_mini_temple,
          mainiacjoe_overflow_tiny_flanked, lemuel_tele_altar,
          marbit_many_paths, grunt_temple_overflow_diamond,
          chequers_serial_rivers_micro_b, uniq_blork_the_orc
D:5:      layout_basic, uniq_prince_ribbit1, uniq_crazy_yiuf_cottage
D:6:      layout_loops_ring, mainiacjoe_overflow_divided_tiny,
          mainiacjoe_overflow_cross_hatched, minmay_temple_entry_overgrown,
          serial_rivers, chequers_serial_rivers_room_a,
          chequers_serial_rivers_micro_e, chequers_serial_rivers_large_a,
          chequers_serial_rivers_micro_a, hangedman_minor_gate_pass

Skill      XL: |  1  2  3  4  5  6  7  8  9 |
---------------+----------------------------+-----
Maces & Flails | 4 5 6 7 9 10 | 10.7
Fighting       | 5 6 7 8 |  8.6
Armour         | |  2.4
Dodging        | |  1.8

Action                   |  1- 3 |  4- 6 |  7- 9 || total
-------------------------+-------+-------+-------++-------
Melee: Mace              |    95 |   103 |    38 ||   236
       Punch             |       |     1 |     3 ||     4
       Morningstar       |       |       |   221 ||   221
Invok: Berserk           |     1 |     3 |     5 ||     9
       Trog's Hand       |       |       |     1 ||     1
  Use: Scroll            |       |     7 |    10 ||    17
       Potion            |       |       |     4 ||     4
 Stab: Sleeping          |     2 |       |       ||     2
Armor: Animal skin       |    15 |       |       ||    15
       Leather armour    |    26 |     3 |       ||    29
       Plate armour      |       |   104 |   258 ||   362
       Skin              |       |       |     9 ||     9
Dodge: Dodged            |    61 |    41 |   102 ||   204

Table legend: (Time is in decaauts)
 A = Elapsed time spent in this place.
 B = Non-inter-level travel time spent in this place.
 C = Inter-level travel time spent in this place.
 D = Time resting spent in this place.
 E = Time spent auto-exploring this place.
 F = Levels seen in this place.
 G = Mean time per level.
                   A        B        C        D        E       F      G
               +--------+--------+--------+--------+--------+-----+--------+
         Total |   6509 |   6341 |    168 |   1567 |   3774 |   6 | 1084.8 |
       Dungeon |   6509 |   6341 |    168 |   1567 |   3774 |   6 | 1084.8 |
               +--------+--------+--------+--------+--------+-----+--------+

Top non-repeatable levels by time:
     D:5: 1871 daAuts
     D:1: 1089 daAuts
     D:3: 1070 daAuts
     D:2: 1046 daAuts
     D:4: 957 daAuts
     D:6: 472 daAuts
